[Event "Titled Tuesday Blitz March 01 Early 2022"]
[White "Mirzanurov, Bulat"]
[Black "Mitusov, Semen"]
[WhiteFideId "4184521"]
[BlackFideId "14151049"]
[WhiteElo "2116"]
[BlackElo "2246"]
[Result "0-1"]
[Round "01"]
[TimeControl "180+1"]
[Date "2022.03.01"]
[WhiteClock "0:00:47"]
[BlackClock "0:01:48"]

1. e4 e5 2. Nf3 Nc6 3. Bc4 Bc5 4. c3 Qe7 5. O-O d6 6. d4 Bb6 7. Re1 Nf6 8. d5 Nb8 9. h3 h6 10. Bb5+ Nbd7 11. a4 a6 12. Bf1 Nf8 13. a5 Ba7 14. b4 g5 15. b5 g4 16. hxg4 Nxg4 17. Re2 axb5 18. Rea2 c6 19. a6 bxa6 20. dxc6 Ne6 21. c4 b4 22. Qb3 Nd4 23. Nxd4 Bxd4 24. Qxb4 Qh4 0-1


[Site "https://www.chess.com"]

[Event "Titled Tuesday Blitz March 01 Early 2022"]
[White "Molina, Roberto Junio Brito"]
[Black "Kukula, Pawel"]
[WhiteFideId "2109450"]
[BlackFideId "1115081"]
[WhiteElo "2402"]
[BlackElo "2203"]
[Result "1-0"]
[Round "01"]
[TimeControl "180+1"]
[Date "2022.03.01"]
[WhiteClock "0:02:13"]
[BlackClock "0:01:35"]

1. d4 d6 2. e3 g6 3. Nf3 Bg7 4. c4 Nc6 5. d5 Ne5 6. Nd4 c5 7. Nc2 Nf6 8. Nc3 O-O 9. Be2 a6 10. a4 b6 11. O-O e6 12. f4 Ned7 13. dxe6 fxe6 14. Qxd6 Bb7 15. Qxe6+ Kh8 16. Qh3 Qe7 17. Bd2 Ne4 18. Nxe4 Bxe4 19. Ne1 Bxb2 20. Rd1 Bg7 21. Bc3 Bxc3 22. Rxd7 Bf5 23. Rxe7 Bxh3 24. gxh3 Rae8 25. Rxe8 Rxe8 26. Ng2 Bd2 27. Kf2 Kg7 28. Rd1 Rd8 29. Bf3 b5 30. axb5 axb5 31. Ke2 1-0


[Site "https://www.chess.com"]

[Event "Titled Tuesday Blitz March 01 Early 2022"]
[White "Moreira, Ronaldo Alonso"]
[Black "Borisova, Ekaterina"]
[WhiteFideId "2110547"]
[BlackFideId "34124184"]
[WhiteElo "2037"]
[BlackElo "2034"]
[Result "1-0"]
[Round "01"]
[TimeControl "180+1"]
[Date "2022.03.01"]
[WhiteClock "0:00:07"]
[BlackClock "0:00:58"]

1. d4 Nf6 2. c4 e6 3. Nc3 Bb4 4. e3 O-O 5. Bd2 d5 6. Nf3 c5 7. a3 Bxc3 8. Bxc3 Ne4 9. Rc1 Nxc3 10. Rxc3 cxd4 11. Nxd4 dxc4 12. Bxc4 Bd7 13. O-O Nc6 14. Nf3 Qe7 15. Qc2 Rfd8 16. Rd1 Be8 17. Rcd3 Rxd3 18. Rxd3 Rc8 19. Rc3 g6 20. Be2 Rd8 21. Rd3 Qf6 22. Rxd8 Qxd8 23. Qd3 Qb6 24. Qc2 Ne7 25. Nd2 Bc6 26. Bf3 Nd5 27. Nc4 Qc5 28. b4 Qe7 29. Ne5 Qf6 30. Nxc6 bxc6 31. Qc1 Qe5 32. h3 Qc7 33. Qc5 Qb6 34. Qxb6 axb6 35. Bxd5 exd5 36. a4 c5 37. bxc5 bxc5 38. a5 d4 39. a6 Kg7 40. a7 d3 41. Kf1 c4 42. Ke1 c3 43. Kd1 c2+ 44. Kd2 Kh6 45. a8=Q f5 46. Qb7 Kg5 47. Qb3 h5 48. Qxd3 Kh4 49. Qxc2 g5 50. Qd1 f4 51. exf4 g4 52. Qg1 g3 53. fxg3+ Kxg3 54. Qf1 h4 55. Qe1+ Kh2 56. Qxh4 Kg1 57. Qg5 Kh2 58. f5 Kg1 59. g4 Kh1 60. Qe3 Kh2 61. Qf3 Kg1 62. Qe2 1-0


[Site "https://www.chess.com"]

[Event "Titled Tuesday Blitz March 01 Early 2022"]
[White "Mosutha, Thuso"]
[Black "Pajeken, Jakob Leon"]
[WhiteFideId "11302550"]
[BlackFideId "12942839"]
[WhiteElo "2028"]
[BlackElo "2351"]
[Result "0-1"]
[Round "01"]
[TimeControl "180+1"]
[Date "2022.03.01"]
[WhiteClock "0:02:43"]
[BlackClock "0:02:23"]

1. d4 d5 2. Bf4 Nf6 3. Nf3 e6 4. e3 Bd6 5. Bg3 O-O 6. Bd3 b6 7. c3 Bb7 8. Nbd2 Ne4 9. Qc2 f5 10. Bxe4 fxe4 11. Ne5 Nd7 12. Nxd7 Qxd7 13. Bxd6 cxd6 14. O-O Ba6 15. Rfe1 Bd3 16. Qc1 Rf6 17. f3 exf3 18. Nxf3 Be4 19. Rf1 Raf8 20. Qd1 e5 21. Qe2 Qg4 22. Kh1 Rxf3 23. gxf3 Rxf3 0-1


[Site "https://www.chess.com"]

[Event "Titled Tuesday Blitz March 01 Early 2022"]
[White "Munenga, Douglas D"]
[Black "Alavi, Sayed Javad"]
[WhiteFideId "8700680"]
[BlackFideId "12500607"]
[WhiteElo "2207"]
[BlackElo "2475"]
[Result "0-1"]
[Round "01"]
[TimeControl "180+1"]
[Date "2022.03.01"]
[WhiteClock "0:00:00"]
[BlackClock "0:00:21"]

1. e4 c5 2. Nf3 e6 3. c3 Nf6 4. e5 Nd5 5. d4 cxd4 6. Qxd4 Nc6 7. Qe4 d6 8. Bb5 Bd7 9. Na3 Nxe5 10. Nxe5 dxe5 11. Qxe5 Bxb5 12. Nxb5 a6 13. Nd4 Qd6 14. Qg5 g6 15. O-O Bg7 16. Nf3 h6 17. Qd2 O-O-O 18. a4 g5 19. Qc2 g4 20. Nd4 Bxd4 21. cxd4+ Kb8 22. Rd1 Rdg8 23. Bd2 h5 24. b4 h4 25. b5 g3 26. bxa6 gxf2+ 27. Kh1 h3 28. g3 Rxg3 29. Qc5 Qxc5 30. dxc5 Rf3 31. axb7 Kxb7 32. Rf1 Rc8 33. Rac1 e5 34. Rc2 e4 35. Bc1 e3 36. Bxe3 Nxe3 37. Rcxf2 Rxf2 38. Rxf2 Rxc5 39. Rxf7+ Ka6 40. Kg1 Rc1+ 41. Kf2 Rf1+ 42. Kxe3 Rxf7 43. Ke4 Rg7 44. Kf3 Rg2 45. Ke3 Rxh2 46. Kf3 Rg2 47. Ke3 Ka5 48. Kf3 Rg7 49. Kf2 Rg8 0-1


[Site "https://www.chess.com"]

[Event "Titled Tuesday Blitz March 01 Early 2022"]
[White "Muradli, Mahammad"]
[Black "Jaskolka, Tomasz"]
[WhiteFideId "13409301"]
[BlackFideId "1170791"]
[WhiteElo "2645"]
[BlackElo "2054"]
[Result "1-0"]
[Round "01"]
[TimeControl "180+1"]
[Date "2022.03.01"]
[WhiteClock "0:00:37"]
[BlackClock "0:00:06"]

1. g3 d5 2. Bg2 e5 3. d3 Nf6 4. Bg5 c6 5. Nd2 Be7 6. e4 Be6 7. Ne2 h6 8. Bxf6 Bxf6 9. O-O Nd7 10. exd5 cxd5 11. c4 Nb6 12. Nc3 O-O 13. Qe2 Rc8 14. Rad1 Qd7 15. Rfe1 Rfd8 16. Nf3 dxc4 17. dxc4 Qc7 18. b3 Rxd1 19. Rxd1 Re8 20. Nd5 Bxd5 21. cxd5 Nc8 22. Nd2 Nd6 23. Nc4 Nxc4 24. Qxc4 Qd6 25. Qa4 Ra8 26. Rc1 a6 27. h4 g6 28. Qa5 Kg7 29. Qc7 Qxc7 30. Rxc7 b6 31. d6 Rd8 32. d7 Be7 33. Bc6 Kf6 34. Rb7 Bc5 35. b4 Bd4 36. Ra7 Ke7 37. Rxa6 Kd6 38. Bb5 f5 39. Kg2 f4 40. gxf4 exf4 41. Kf3 g5 42. hxg5 hxg5 43. Ra3 Ke7 44. Rd3 Be5 45. a4 Bd6 46. a5 Bxb4 47. a6 Ke6 48. a7 Bc5 49. Bc6 b5 50. a8=Q Rxa8 51. Bxa8 Bd6 52. d8=Q 1-0


[Site "https://www.chess.com"]

[Event "Titled Tuesday Blitz March 01 Early 2022"]
[White "Muradov, Soltan"]
[Black "Potapova, Margarita"]
[WhiteFideId "14002108"]
[BlackFideId "14126869"]
[WhiteElo "1854"]
[BlackElo "2209"]
[Result "0-1"]
[Round "01"]
[TimeControl "180+1"]
[Date "2022.03.01"]
[WhiteClock "0:00:12"]
[BlackClock "0:01:06"]

1. d4 Nf6 2. Nf3 g6 3. Bf4 Bg7 4. e3 O-O 5. Nbd2 b6 6. c3 Bb7 7. Bd3 d6 8. Qc2 Nbd7 9. O-O Re8 10. e4 e5 11. Bg5 h6 12. Bh4 Qc8 13. Bg3 Nh5 14. Rfe1 Qd8 15. a4 a6 16. b4 Rc8 17. Rad1 Qe7 18. Nc4 Kh8 19. Re2 Nxg3 20. hxg3 Kg8 21. Rde1 Nf8 22. d5 Qd8 23. g4 c6 24. dxc6 Bxc6 25. Qb3 Bd7 26. Ne3 Be6 27. Qa3 Qc7 28. Rc2 Ra8 29. Rec1 a5 30. c4 axb4 31. Qxb4 Nd7 32. Nd5 Bxd5 33. cxd5 Nc5 34. Bb5 Rf8 35. Bc6 Rab8 36. Ra2 Nd3 37. Qb2 Nxb2 0-1


[Site "https://www.chess.com"]

[Event "Titled Tuesday Blitz March 01 Early 2022"]
[White "Murzin, Volodar"]
[Black "Mikhalsky, Vladimir"]
[WhiteFideId "44155573"]
[BlackFideId "14144352"]
[WhiteElo "2585"]
[BlackElo "2248"]
[Result "1-0"]
[Round "01"]
[TimeControl "180+1"]
[Date "2022.03.01"]
[WhiteClock "0:00:17"]
[BlackClock "0:00:04"]

1. e4 g6 2. Nf3 Bg7 3. d4 d6 4. Bc4 e6 5. O-O Ne7 6. Nbd2 O-O 7. c3 b6 8. Re1 Bb7 9. a4 a6 10. Bd3 e5 11. Nc4 Nbc6 12. dxe5 dxe5 13. Qe2 h6 14. Be3 Qc8 15. Rad1 Rd8 16. h3 Kh7 17. Bc2 Ng8 18. Bc1 a5 19. Ne3 Ba6 20. Bd3 Bxd3 21. Rxd3 Rxd3 22. Qxd3 Qd8 23. Qc4 Qe8 24. Nd5 Rc8 25. Nh2 Nf6 26. Be3 h5 27. Nf3 Nd8 28. Ng5+ Kg8 29. Nxb6 Rb8 30. Qxc7 Rb7 31. Qc8 Nh7 32. Rd1 Bf6 33. Nxh7 Kxh7 34. Rxd8 Qxd8 35. Qxb7 Qd1+ 36. Kh2 Kg7 37. Qd5 Qe2 38. Nd7 Bh4 39. Qxe5+ Kh7 40. Qf4 1-0


[Site "https://www.chess.com"]

[Event "Titled Tuesday Blitz March 01 Early 2022"]
[White "Nasyrova, Ekaterina"]
[Black "Gadimbayli, Abdulla"]
[WhiteFideId "44157797"]
[BlackFideId "13404938"]
[WhiteElo "2068"]
[BlackElo "2282"]
[Result "0-1"]
[Round "01"]
[TimeControl "180+1"]
[Date "2022.03.01"]
[WhiteClock "0:00:01"]
[BlackClock "0:00:13"]

1. d4 d5 2. c4 e5 3. dxe5 d4 4. Nf3 Nc6 5. g3 Nge7 6. Bg2 Ng6 7. O-O Ngxe5 8. Bf4 Nxf3+ 9. Bxf3 Bh3 10. Re1 Bc5 11. a3 a5 12. Nd2 a4 13. e3 O-O 14. Bxc6 bxc6 15. Ne4 Ba7 16. c5 d3 17. Qh5 Be6 18. Ng5 Bf5 19. Nf3 Qd5 20. Nd4 Bg6 21. Qxd5 cxd5 22. c6 Bb6 23. Red1 Ra5 24. Rac1 Re8 25. Rc3 h6 26. Kg2 Bh7 27. f3 g5 28. Bxc7 Bxc7 29. Kf2 Rc8 30. f4 Bb6 31. Nf3 Rc5 0-1


[Site "https://www.chess.com"]

[Event "Titled Tuesday Blitz March 01 Early 2022"]
[White "Nilsen, Tobias Lang"]
[Black "Hess, Robert"]
[WhiteFideId "1521624"]
[BlackFideId "2022036"]
[WhiteElo "2013"]
[BlackElo "2557"]
[Result "0-1"]
[Round "01"]
[TimeControl "180+1"]
[Date "2022.03.01"]
[WhiteClock "0:00:08"]
[BlackClock "0:00:07"]

1. f4 g6 2. Nf3 Bg7 3. g3 e6 4. Bg2 Ne7 5. O-O d6 6. d3 Nd7 7. Nc3 a6 8. e4 b5 9. a3 Bb7 10. Qe2 c5 11. h3 Qb6 12. Kh1 Nc6 13. Bd2 Nd4 14. Nxd4 cxd4 15. Nd1 Rc8 16. c3 O-O 17. g4 Nc5 18. f5 exf5 19. gxf5 Nb3 20. f6 Bh8 21. Rb1 Rfe8 22. cxd4 Nxd2 23. Qxd2 Qxd4 24. Ne3 Bxf6 25. Ng4 Bg7 26. Nh6+ Bxh6 27. Qxh6 Qg7 28. Qf4 Re5 29. d4 Re6 30. Rbc1 h5 31. Rxc8+ Bxc8 32. d5 Re5 33. Qf6 Qf8 34. Rc1 Bd7 35. Rc7 Be8 36. h4 Kh7 37. Rc8 Qe7 38. Qxe7 Rxe7 39. Rd8 Bd7 40. Kh2 Kg7 41. Kg3 f5 42. Kf4 fxe4 43. Bxe4 Kf6 44. Rf8+ Rf7 45. Rxf7+ Kxf7 46. Bd3 Kf6 47. Be4 Bf5 48. Bf3 Bc2 49. Bg2 Bd1 50. Bh1 Bg4 51. Be4 Bf5 52. Bf3 Bb1 53. Bg2 Bc2 54. Bf3 g5+ 55. hxg5+ Kg6 56. Bg2 Bf5 57. Bf3 h4 58. Be2 h3 59. Bf3 h2 60. Kg3 Kxg5 61. Kxh2 Kf4 62. Be2 Be4 63. a4 bxa4 64. Bxa6 Bxd5 65. Bb5 Bb3 66. Kg2 Ke3 67. Kf1 Kd2 68. Kf2 Kc2 69. Ke3 Kxb2 70. Kd4 a3 0-1


[Site "https://www.chess.com"]

[Event "Titled Tuesday Blitz March 01 Early 2022"]
[White "Nur-Mukhametova, Alisa"]
[Black "Moskalenko, Alexander"]
[WhiteFideId "54117739"]
[BlackFideId "4155351"]
[WhiteElo "2015"]
[BlackElo "2515"]
[Result "0-1"]
[Round "01"]
[TimeControl "180+1"]
[Date "2022.03.01"]
[WhiteClock "0:00:49"]
[BlackClock "0:02:15"]

1. d4 d5 2. c4 e5 3. dxe5 d4 4. Nf3 Nc6 5. a3 Nge7 6. Bf4 Ng6 7. Bg3 Be6 8. Nbd2 Qd7 9. b4 O-O-O 10. Qa4 Kb8 11. b5 Nce7 12. h4 Nf5 13. h5 Nxg3 14. fxg3 Ne7 15. Nb3 Nf5 16. Kf2 Ne3 17. Rc1 f6 18. c5 Qd5 19. Nfxd4 Ng4+ 20. Kg1 Qxe5 21. Rc3 Bxb3 0-1


[Site "https://www.chess.com"]

[Event "Titled Tuesday Blitz March 01 Early 2022"]
[White "Obolenskikh, Dmitry"]
[Black "Aaditya Dhingra"]
[WhiteFideId "4156013"]
[BlackFideId "25678191"]
[WhiteElo "2512"]
[BlackElo "1789"]
[Result "1-0"]
[Round "01"]
[TimeControl "180+1"]
[Date "2022.03.01"]
[WhiteClock "0:00:27"]
[BlackClock "0:00:11"]

1. e4 c6 2. d4 d5 3. Nc3 dxe4 4. Nxe4 Bf5 5. Ng3 Bg6 6. h4 h6 7. Nh3 e6 8. Nf4 Bh7 9. Bc4 Bd6 10. Ngh5 Kf8 11. Qg4 g6 12. Ng3 Nf6 13. Qf3 Kg7 14. Bd2 Nd5 15. O-O-O Nd7 16. Bd3 Bxf4 17. Bxf4 Nxf4 18. Qxf4 Qf6 19. Qg4 Kf8 20. Kb1 Rg8 21. Rhe1 Rg7 22. Ne4 Qe7 23. f4 f5 24. Qf3 fxe4 25. Rxe4 g5 26. fxg5+ Rf7 27. Rf4 Bxd3 28. Rxd3 hxg5 29. hxg5 Kg7 30. g3 Raf8 31. Qg4 Rxf4 32. gxf4 Rh8 33. a3 Qf7 34. b3 Qf5 35. Qe2 Re8 36. Rf3 Nf8 37. a4 Ng6 38. Qd2 Rd8 39. Qc3 Kf7 40. Rh3 Rh8 41. Rxh8 Nxh8 42. d5 Ng6 43. dxc6 bxc6 44. Qxc6 Qxf4 45. Qd7+ Ne7 46. g6+ Kf6 47. Qxa7 Nxg6 48. a5 Qf1+ 49. Kb2 Ne5 50. Qd4 Qe1 51. a6 Qh1 52. Qf4+ Ke7 53. Qxe5 1-0


[Site "https://www.chess.com"]

[Event "Titled Tuesday Blitz March 01 Early 2022"]
[White "Odegov, Artem"]
[Black "Asadli, Vugar"]
[WhiteFideId "34183644"]
[BlackFideId "13405764"]
[WhiteElo "2277"]
[BlackElo "2635"]
[Result "0-1"]
[Round "01"]
[TimeControl "180+1"]
[Date "2022.03.01"]
[WhiteClock "0:01:10"]
[BlackClock "0:01:17"]

1. d4 g6 2. c4 Bg7 3. Nc3 d6 4. e4 Nc6 5. Nf3 Bg4 6. Be3 e5 7. dxe5 Nxe5 8. Be2 Bxf3 9. gxf3 Nf6 10. f4 Ned7 11. O-O O-O 12. Bf3 Re8 13. Qc2 c6 14. Rad1 Qc7 15. b4 Nb6 16. c5 dxc5 17. Bxc5 Qxf4 18. Bg2 Ng4 19. Bd6 Be5 20. Bxe5 Rxe5 21. Rfe1 Qxh2+ 22. Kf1 Re6 23. Rd3 Rf6 24. Rf3 Rxf3 25. Bxf3 Ne5 26. Bg2 Nbc4 27. Ne2 Rd8 28. Rd1 Re8 29. Ng3 Ne3+ 30. fxe3 Qxg3 31. Qf2 Qxf2+ 32. Kxf2 Kf8 33. Kg3 Ke7 34. Kf4 f6 35. Bh3 Rd8 36. Rc1 Nd3+ 0-1


[Site "https://www.chess.com"]

[Event "Titled Tuesday Blitz March 01 Early 2022"]
[White "Ohanyan, Emin"]
[Black "Buscar, Michael"]
[WhiteFideId "13312022"]
[BlackFideId "2603616"]
[WhiteElo "1809"]
[BlackElo "2010"]
[Result "1-0"]
[Round "01"]
[TimeControl "180+1"]
[Date "2022.03.01"]
[WhiteClock "0:01:05"]
[BlackClock "0:00:56"]

1. e4 c5 2. Nf3 f6 3. d4 cxd4 4. Nxd4 e5 5. Nb5 Nc6 6. Nd6+ Bxd6 7. Qxd6 Qe7 8. Qxe7+ Ngxe7 9. Nc3 Nd4 10. Bd3 f5 11. Be3 Nec6 12. Nd5 O-O 13. c3 f4 14. Nxf4 exf4 15. Bxd4 Nxd4 16. cxd4 f3 17. g3 d6 18. Kd2 Bh3 19. Rhc1 Rfc8 20. Rxc8+ Rxc8 21. Rc1 g5 22. Rxc8+ Bxc8 23. Ke3 g4 24. Kf4 Kf7 25. e5 Be6 26. a3 dxe5+ 27. Kxe5 h5 28. d5 Bd7 29. Kd6 Ba4 30. Kc7 1-0


[Site "https://www.chess.com"]

[Event "Titled Tuesday Blitz March 01 Early 2022"]
[White "Omariev, Maksim"]
[Black "Warmerdam, Max"]
[WhiteFideId "4193423"]
[BlackFideId "1048104"]
[WhiteElo "2475"]
[BlackElo "2537"]
[Result "0-1"]
[Round "01"]
[TimeControl "180+1"]
[Date "2022.03.01"]
[WhiteClock "0:00:01"]
[BlackClock "0:00:19"]

1. e4 c6 2. d4 d5 3. exd5 cxd5 4. Bd3 Nf6 5. h3 Nc6 6. c3 g6 7. Bg5 Bg7 8. Nf3 Bf5 9. Bxf5 gxf5 10. O-O Ne4 11. Re1 O-O 12. Nbd2 Kh8 13. Bf4 Rg8 14. Nxe4 fxe4 15. Ng5 Rf8 16. Qh5 h6 17. Nxf7+ Rxf7 18. Qxf7 Qd7 19. Qg6 Qe8 20. Qe6 Qg8 21. Qd7 Rf8 22. Bg3 Bf6 23. Qxb7 Qe6 24. b4 h5 25. b5 Nd8 26. Qxa7 Rg8 27. Qa6 Qf5 28. Re3 Ne6 29. h4 Nf4 30. Qc6 Ng6 31. b6 Bxh4 32. b7 Bxg3 33. Rxg3 Kh7 34. a4 h4 35. Rh3 Rf8 36. Rf1 Kg7 37. a5 Nf4 38. Rh2 Qg4 39. a6 Ne2+ 40. Kh1 Ng3+ 41. Kg1 Nxf1 42. a7 Qd1 0-1


[Site "https://www.chess.com"]

[Event "Titled Tuesday Blitz March 01 Early 2022"]
[White "Osmonbekov, Talaibek"]
[Black "Gelman, Alexander"]
[WhiteFideId "2017253"]
[BlackFideId "4118316"]
[WhiteElo "2135"]
[BlackElo "2375"]
[Result "0-1"]
[Round "01"]
[TimeControl "180+1"]
[Date "2022.03.01"]
[WhiteClock "0:00:03"]
[BlackClock "0:00:08"]

1. d4 Nf6 2. Nc3 d5 3. Bf4 a6 4. e3 b5 5. Nf3 Bb7 6. Bd3 e6 7. O-O c5 8. dxc5 Bxc5 9. Re1 Nc6 10. e4 Nb4 11. e5 Nd7 12. Be3 h6 13. a3 Nc6 14. Bxc5 Nxc5 15. Ne2 O-O 16. Ned4 Rc8 17. c3 Nxd4 18. Nxd4 Qg5 19. Rc1 Ne4 20. f3 Nc5 21. Bb1 g6 22. Qe2 Nd7 23. g3 Qe7 24. Qe3 Kg7 25. h4 h5 26. Rcd1 Rh8 27. f4 Nc5 28. Qf3 Ne4 29. Rf1 Qc5 30. Kh2 Rce8 31. Bd3 Bc8 32. Bxe4 dxe4 33. Qxe4 Qc7 34. f5 exf5 35. Qf4 Qxe5 36. Rfe1 Qxf4 37. gxf4 Bb7 38. Kg3 Re4 39. Nf3 Rhe8 40. Ne5 Re7 0-1


[Site "https://www.chess.com"]

[Event "Titled Tuesday Blitz March 01 Early 2022"]
[White "P., Komal Kishore"]
[Black "Wachinger, Guenther"]
[WhiteFideId "5016703"]
[BlackFideId "4604261"]
[WhiteElo "2056"]
[BlackElo "2212"]
[Result "1-0"]
[Round "01"]
[TimeControl "180+1"]
[Date "2022.03.01"]
[WhiteClock "0:00:05"]
[BlackClock "0:00:50"]

1. e4 c5 2. Nf3 d6 3. Bb5+ Bd7 4. Bxd7+ Nxd7 5. O-O Ngf6 6. Qe2 e6 7. c3 Be7 8. d4 cxd4 9. cxd4 d5 10. e5 Ne4 11. Nc3 Nxc3 12. bxc3 Rc8 13. Rb1 Qc7 14. Bg5 Nb6 15. Bxe7 Qxe7 16. Rfc1 O-O 17. h4 Rc7 18. Qd3 Rfc8 19. Ng5 g6 20. Rb3 Nc4 21. Rcb1 a5 22. a4 Qd7 23. h5 Qxa4 24. h6 Qd7 25. Qf3 Qd8 26. Rxb7 a4 27. Rxc7 Rxc7 28. Qf6 Qf8 29. Rb8 Rc8 30. Rxc8 1-0


[Site "https://www.chess.com"]

[Event "Titled Tuesday Blitz March 01 Early 2022"]
[White "Panesar Vedant"]
[Black "Shukhman, Anna"]
[WhiteFideId "35033018"]
[BlackFideId "54180058"]
[WhiteElo "1971"]
[BlackElo "1628"]
[Result "1-0"]
[Round "01"]
[TimeControl "180+1"]
[Date "2022.03.01"]
[WhiteClock "0:00:19"]
[BlackClock "0:00:09"]

1. a4 d5 2. g3 Nf6 3. Bg2 g6 4. Nf3 Bg7 5. O-O O-O 6. d3 c5 7. c3 Nc6 8. Nbd2 Rb8 9. Qc2 a6 10. e4 b5 11. axb5 axb5 12. exd5 Nxd5 13. Ne4 c4 14. d4 Bf5 15. Nh4 e5 16. dxe5 Nxe5 17. Nxf5 gxf5 18. Ng5 Nd3 19. Rd1 Re8 20. Bf1 h6 21. Nf3 b4 22. cxb4 N5xb4 23. Qxc4 Rc8 24. Qb3 Nxc1 25. Raxc1 Qb6 26. Rxc8 Rxc8 27. Rd7 Rf8 28. Bc4 Qc5 29. Bxf7+ Kh8 30. Nh4 Nc6 31. Ng6+ Kh7 32. Nxf8+ Qxf8 33. Qe6 Ne5 34. Qxf5+ Kh8 35. Rc7 Qd6 36. Rc8+ Bf8 37. Be6 Qd1+ 38. Kg2 1-0


[Site "https://www.chess.com"]

[Event "Titled Tuesday Blitz March 01 Early 2022"]
[White "Paravyan, David"]
[Black "Al-Tarboush, Ward"]
[WhiteFideId "4194985"]
[BlackFideId "7601450"]
[WhiteElo "2569"]
[BlackElo "2276"]
[Result "1/2-1/2"]
[Round "01"]
[TimeControl "180+1"]
[Date "2022.03.01"]
[WhiteClock "0:00:21"]
[BlackClock "0:01:00"]

1. e4 b6 2. d4 Bb7 3. Nc3 e6 4. Bd3 Bb4 5. Ne2 d5 6. exd5 Qxd5 7. Nf4 Qd8 8. O-O Nf6 9. a3 Bd6 10. Re1 O-O 11. Nh5 Nbd7 12. Bg5 Be7 13. Nxf6+ Nxf6 14. Qd2 Nd5 15. Bxe7 Nxe7 16. Rad1 Ng6 17. Bxg6 hxg6 18. Qf4 Qd6 19. Qxd6 cxd6 20. Ne4 Rfd8 21. h4 Rac8 22. c3 a5 23. Rd3 Ba6 24. Rh3 Bc4 25. h5 gxh5 26. Rxh5 g6 27. Rh3 Kg7 28. f3 Bd5 29. Kf2 b5 30. Reh1 Bxe4 31. Rh7+ Kf6 32. fxe4 b4 33. axb4 axb4 34. R1h3 Rf8 35. Rf3+ Ke7 36. g4 bxc3 37. bxc3 Rb8 38. Kg3 Rb2 39. g5 Re2 40. Rh4 e5 41. d5 Rc2 42. Rh1 Rc8 43. Rh7 Rf8 44. Rg7 Re2 45. Rf6 Rxe4 46. Re6+ Kd7 47. Rexg6 Re3+ 48. Kg4 Rxc3 49. Rf6 Rc4+ 50. Kg3 Ke7 51. Re6+ Kd7 52. Rf6 Ke7 53. Re6+ Kd7 54. Rf6 1/2-1/2


[Site "https://www.chess.com"]

[Event "Titled Tuesday Blitz March 01 Early 2022"]
[White "Peatman, Carter"]
[Black "Madaminov, Mukhiddin"]
[WhiteFideId "2096480"]
[BlackFideId "14210703"]
[WhiteElo "2293"]
[BlackElo "1916"]
[Result "0-1"]
[Round "01"]
[TimeControl "180+1"]
[Date "2022.03.01"]
[WhiteClock "0:00:04"]
[BlackClock "0:00:15"]

1. d4 Nf6 2. Nf3 d5 3. Bf4 c5 4. e3 Nc6 5. c3 Qb6 6. dxc5 Qxb2 7. Nbd2 Qxc3 8. Rc1 Qa5 9. Qb3 e6 10. Bb5 Bd7 11. O-O Be7 12. h3 O-O 13. Rfd1 Rac8 14. Bh2 a6 15. Be2 Nd8 16. Bd6 Re8 17. Ne5 Ba4 18. Qa3 b5 19. cxb6 Bxd6 20. Qxd6 Rxc1 21. Rxc1 Qxd2 22. Rb1 Qxe2 23. b7 Nxb7 24. Rxb7 Rf8 25. Qe7 Be8 26. Nf3 Ne4 27. Qh4 h6 28. Ne5 Qe1+ 29. Kh2 Qxf2 30. Nf3 Qxh4 31. Nxh4 a5 32. Nf3 a4 33. Nd4 Nc3 34. a3 e5 35. Nf5 Ne4 36. Ne7+ Kh7 37. Nxd5 Bc6 38. Nf6+ Nxf6 39. Rb6 Bd5 40. Ra6 Bb3 41. Ra5 e4 42. Re5 Rd8 43. Re7 Rd3 44. Kg3 Rxe3+ 45. Kf4 Nd5+ 0-1


[Site "https://www.chess.com"]

[Event "Titled Tuesday Blitz March 01 Early 2022"]
[White "Perez Gormaz, Matias"]
[Black "Boraso, Alessio"]
[WhiteFideId "3406342"]
[BlackFideId "848077"]
[WhiteElo "2352"]
[BlackElo "2277"]
[Result "0-1"]
[Round "01"]
[TimeControl "180+1"]
[Date "2022.03.01"]
[WhiteClock "0:00:01"]
[BlackClock "0:00:47"]

1. e4 c5 2. Nf3 g6 3. g3 Bg7 4. Bg2 Nc6 5. O-O d6 6. c3 e6 7. d4 cxd4 8. cxd4 Nge7 9. Nc3 O-O 10. h3 Bd7 11. Be3 Rc8 12. Qd2 d5 13. Bh6 Na5 14. Bxg7 Kxg7 15. e5 Nc4 16. Qe2 Qb6 17. Rab1 Bb5 18. Rfc1 Na3 19. bxa3 Bxe2 20. Rxb6 Rxc3 21. Rxc3 axb6 22. Rc7 Nc6 23. Rxb7 Bxf3 24. Bxf3 Nxd4 25. Kg2 b5 26. Ra7 Rc8 0-1


[Site "https://www.chess.com"]

[Event "Titled Tuesday Blitz March 01 Early 2022"]
[White "Piliczewski, Bogusz"]
[Black "Silva, Miguel Antonio Neto"]
[WhiteFideId "1104144"]
[BlackFideId "1911929"]
[WhiteElo "1896"]
[BlackElo "2204"]
[Result "0-1"]
[Round "01"]
[TimeControl "180+1"]
[Date "2022.03.01"]
[WhiteClock "0:01:48"]
[BlackClock "0:01:17"]

1. d4 Nf6 2. Nf3 d5 3. Bf4 c5 4. c3 Nc6 5. e3 Qb6 6. Qb3 c4 7. Qxb6 axb6 8. Nbd2 Bf5 9. a3 e6 10. Be2 b5 11. h3 b4 12. cxb4 Bxb4 13. O-O Be7 14. Rac1 h6 15. Ne5 Nxe5 16. Bxe5 O-O 17. f3 b5 18. Rfe1 b4 19. axb4 Bxb4 20. Nb1 Bxe1 21. Rxe1 Ra2 22. g4 Bg6 23. Nd2 Rxb2 24. Nf1 Rc8 25. f4 c3 26. Bd1 c2 27. Bxc2 Rcxc2 28. f5 exf5 29. gxf5 Bxf5 30. Ng3 Rg2+ 31. Kh1 Rh2+ 32. Kg1 Rbg2+ 33. Kf1 Bd3+ 34. Ne2 Rxe2 35. Bxh2 Rxh2+ 36. Kg1 Re2 37. Rd1 Be4 38. Ra1 Nh5 39. Ra8+ Kh7 40. Ra3 Ng3 0-1


[Site "https://www.chess.com"]

[Event "Titled Tuesday Blitz March 01 Early 2022"]
[White "Pinheiro, Iung Alicio de O."]
[Black "Nan, M K Khine Hlyan"]
[WhiteFideId "2104350"]
[BlackFideId "13002899"]
[WhiteElo "2522"]
[BlackElo "1943"]
[Result "1-0"]
[Round "01"]
[TimeControl "180+1"]
[Date "2022.03.01"]
[WhiteClock "0:00:36"]
[BlackClock "0:00:19"]

1. e4 d6 2. d4 Nf6 3. Nc3 g6 4. Be3 Bg7 5. Qd2 Nbd7 6. Bh6 Bxh6 7. Qxh6 c5 8. Nf3 cxd4 9. Nxd4 Qb6 10. O-O-O Nc5 11. Bc4 Bd7 12. Rhe1 O-O-O 13. Bxf7 Kb8 14. Bb3 Rc8 15. Kb1 Nxb3 16. axb3 a5 17. Qe3 Ng4 18. Qe2 Rhf8 19. f3 Ne5 20. Nd5 Qd8 21. f4 Bg4 22. Nf3 e6 23. fxe5 exd5 24. Rxd5 Qb6 25. exd6 Be6 26. Rd4 Rxf3 27. d7 Rd8 28. Qd2 Rf7 29. Rd6 Qb4 30. Qxb4 axb4 31. Rxe6 Rfxd7 32. e5 Rd2 33. Re7 Rxg2 34. Rxh7 Rdd2 35. Rc1 Rxh2 36. Rxh2 Rxh2 37. Re1 Rh8 38. e6 Re8 39. Re4 Kc7 40. Rxb4 Rxe6 41. Rg4 Rf6 42. c4 Kc6 43. b4 b6 44. Kc2 Rf2+ 45. Kc3 Rf3+ 46. Kd4 Rf6 47. b5+ Kd6 48. b4 Kc7 49. c5 bxc5+ 50. bxc5 g5 51. Rxg5 Rf4+ 52. Kd5 Rf1 53. Rg7+ Kb8 54. b6 Rd1+ 55. Kc6 1-0


[Site "https://www.chess.com"]